2965 views
Uploaded 2019-12-16 00:37:13
Game version 1.32.0.4
49:37 long 1on1 ladder game on (3)NomadIsles
Saved by BEARAND
2965 views
Uploaded 2019-12-16 00:37:13
Game version 1.32.0.4
49:37 long 1on1 ladder game on (3)NomadIsles

23 units @ 1.9k
/ 0k
202 buildings @ 8.9k
/ 5.3k



x1)
| Lesser Clarity Potion | 2 | 140 |
| Potion of Healing | 1 | 150 |
| Staff of Sanctuary | 3 | 750 |
| Orb of Fire | 2 | 650 |
| Boots of Speed | 3 | 750 |
| Staff of Teleportation | 3 | 450 |
| Periapt of Vitality | 1 | 325 |
| Tome of Retraining | 1 | 300 |
| total: | 16 | 3515g |
| Peasant | 21 | 1575 | / | 0 |
| Priest | 1 | 135 | / | 10 |
| Sorceress | 1 | 155 | / | 20 |
| total: | 23 | 1865g | / | 30w |
| Scout Tower | 187 | 5610 | / | 3740 |
| Arcane Tower | 12 | 840 | / | 600 |
| Guard Tower | 62 | 4340 | / | 3100 |
| Altar of Kings | 1 | 180 | / | 50 |
| Farm | 4 | 320 | / | 80 |
| Lumber Mill | 1 | 120 | / | 0 |
| Arcane Vault | 2 | 260 | / | 60 |
| Town Hall | 6 | 2310 | / | 1230 |
| Arcane Sanctum | 1 | 150 | / | 140 |
| Keep | 1 | 320 | / | 210 |
| Castle | 1 | 360 | / | 210 |
| total: | 202 | 8950g | / | 5300w |
| 0:02 | Peasant |
| 0:02 | Peasant |
| 0:06 | Altar of Kings |
| 0:13 | Peasant |
| 0:19 | Farm |
| 0:23 | Peasant |
| 0:37 | Farm |
| 0:45 | Scout Tower |
| 0:47 | Peasant |
| 1:06 | Lumber Mill |
| 1:12 | Peasant |
| 1:19 | Scout Tower |
| 1:27 | Peasant |
| 1:34 | Peasant |
| 1:37 | Scout Tower |
| 1:43 | Arcane Tower |
| 1:49 | Peasant |
| 1:51 | Peasant |
| 2:05 | Summon Water Elemental |
| 2:11 | Guard Tower |
| 2:13 | Peasant |
| 2:13 | Peasant |
| 2:21 | Scout Tower |
| 2:21 | Scout Tower |
| 2:23 | Peasant |
| 3:23 | Peasant |
| 3:24 | Guard Tower |
| 3:24 | Guard Tower |
| 3:26 | Scout Tower |
| 3:27 | Scout Tower |
| 3:29 | Brilliance Aura |
| 3:37 | Farm |
| 3:38 | Farm |
| 3:39 | Improved Masonry |
| 3:54 | Guard Tower |
| 4:05 | Boots of Speed |
| 4:05 | Staff of Teleportation |
| 4:13 | Scout Tower |
| 4:14 | Scout Tower |
| 4:14 | Scout Tower |
| 4:15 | Scout Tower |
| 4:15 | Scout Tower |
| 4:15 | Scout Tower |
| 4:57 | Keep |
| 5:05 | Guard Tower |
| 5:06 | Guard Tower |
| 5:28 | Arcane Vault |
| 5:38 | Guard Tower |
| 5:38 | Guard Tower |
| 6:11 | Guard Tower |
| 6:32 | Guard Tower |
| 7:27 | Castle |
| 7:29 | Advanced Masonry |
| 7:29 | Improved Lumber Harvesting |
| 7:40 | Guard Tower |
| 7:45 | Arcane Sanctum |
| 8:01 | Lesser Clarity Potion |
| 8:07 | Potion of Healing |
| 8:24 | Storm Bolt |
| 8:53 | Summon Water Elemental |
| 9:03 | Magic Sentry |
| 9:03 | Priest |
| 9:20 | Town Hall |
| 9:24 | Scout Tower |
| 9:25 | Scout Tower |
| 9:26 | Scout Tower |
| 9:26 | Scout Tower |
| 9:27 | Scout Tower |
| 9:27 | Scout Tower |
| 9:29 | Scout Tower |
| 9:29 | Scout Tower |
| 10:30 | Guard Tower |
| 10:49 | Bash |
| 10:52 | Arcane Tower |
| 10:52 | Guard Tower |
| 10:53 | Guard Tower |
| 10:58 | Peasant |
| 10:59 | Peasant |
| 11:13 | Holy Light |
| 11:17 | Staff of Sanctuary |
| 11:21 | Guard Tower |
| 11:50 | Boots of Speed |
| 11:50 | Staff of Teleportation |
| 11:53 | Boots of Speed |
| 12:04 | Scout Tower |
| 12:04 | Scout Tower |
| 12:05 | Scout Tower |
| 12:06 | Scout Tower |
| 12:07 | Imbued Masonry |
| 13:05 | Guard Tower |
| 13:06 | Scout Tower |
| 13:07 | Scout Tower |
| 13:21 | Orb of Fire |
| 13:21 | Staff of Sanctuary |
| 13:31 | Arcane Vault |
| 13:33 | Advanced Lumber Harvesting |
| 13:41 | Lesser Clarity Potion |
| 13:56 | Guard Tower |
| 14:28 | Divine Shield |
| 14:32 | Bash |
| 14:34 | Brilliance Aura |
| 14:51 | Guard Tower |
| 14:52 | Scout Tower |
| 14:53 | Scout Tower |
| 14:53 | Scout Tower |
| 14:53 | Scout Tower |
| 14:54 | Scout Tower |
| 14:54 | Scout Tower |
| 14:55 | Scout Tower |
| 14:55 | Scout Tower |
| 14:56 | Scout Tower |
| 14:59 | Peasant |
| 14:59 | Peasant |
| 14:59 | Peasant |
| 14:59 | Peasant |
| 15:00 | Peasant |
| 15:11 | Scout Tower |
| 15:12 | Scout Tower |
| 15:12 | Scout Tower |
| 15:13 | Scout Tower |
| 15:13 | Scout Tower |
| 15:14 | Scout Tower |
| 15:14 | Scout Tower |
| 15:14 | Scout Tower |
| 15:15 | Scout Tower |
| 15:16 | Scout Tower |
| 15:16 | Scout Tower |
| 16:53 | Guard Tower |
| 17:05 | Staff of Sanctuary |
| 17:09 | Orb of Fire |
| 17:25 | Guard Tower |
| 17:41 | Guard Tower |
| 17:47 | Guard Tower |
| 17:50 | Town Hall |
| 17:53 | Scout Tower |
| 17:53 | Scout Tower |
| 17:54 | Scout Tower |
| 17:54 | Scout Tower |
| 17:55 | Scout Tower |
| 17:56 | Scout Tower |
| 17:56 | Scout Tower |
| 17:56 | Scout Tower |
| 17:57 | Scout Tower |
| 17:57 | Scout Tower |
| 17:58 | Scout Tower |
| 17:58 | Scout Tower |
| 17:59 | Scout Tower |
| 17:59 | Scout Tower |
| 18:00 | Scout Tower |
| 18:01 | Scout Tower |
| 18:01 | Scout Tower |
| 18:02 | Scout Tower |
| 18:02 | Scout Tower |
| 18:03 | Scout Tower |
| 18:03 | Scout Tower |
| 18:04 | Scout Tower |
| 18:10 | Staff of Teleportation |
| 18:12 | Periapt of Vitality |
| 18:26 | Tome of Retraining |
| 18:26 | Retrain Hero |
| 18:29 | Arcane Tower |
| 18:30 | Guard Tower |
| 18:32 | Guard Tower |
| 18:33 | Arcane Tower |
| 18:59 | Guard Tower |
| 19:18 | Guard Tower |
| 19:21 | Holy Light |
| 19:33 | Guard Tower |
| 19:38 | Guard Tower |
| 19:59 | Blizzard |
| 20:00 | Brilliance Aura |
| 20:00 | Blizzard |
| 20:00 | Brilliance Aura |
| 20:08 | Guard Tower |
| 20:24 | Guard Tower |
| 20:24 | Scout Tower |
| 20:25 | Scout Tower |
| 20:28 | Scout Tower |
| 20:29 | Scout Tower |
| 20:29 | Scout Tower |
| 20:29 | Scout Tower |
| 20:30 | Scout Tower |
| 20:36 | Town Hall |
| 20:59 | Arcane Tower |
| 20:59 | Guard Tower |
| 21:00 | Guard Tower |
| 22:23 | Guard Tower |
| 22:58 | Storm Bolt |
| 23:09 | Town Hall |
| 23:13 | Scout Tower |
| 23:14 | Scout Tower |
| 23:14 | Scout Tower |
| 23:15 | Scout Tower |
| 23:16 | Scout Tower |
| 23:16 | Scout Tower |
| 23:17 | Guard Tower |
| 23:28 | Scout Tower |
| 23:29 | Scout Tower |
| 23:29 | Scout Tower |
| 23:30 | Scout Tower |
| 23:30 | Scout Tower |
| 23:31 | Scout Tower |
| 23:31 | Scout Tower |
| 23:32 | Scout Tower |
| 23:32 | Scout Tower |
| 23:32 | Scout Tower |
| 23:33 | Scout Tower |
| 23:34 | Scout Tower |
| 23:39 | Arcane Tower |
| 23:40 | Scout Tower |
| 23:41 | Scout Tower |
| 23:41 | Scout Tower |
| 23:45 | Sorceress Adept Training |
| 23:45 | Priest Adept Training |
| 25:06 | Divine Shield |
| 25:58 | Guard Tower |
| 26:46 | Storm Bolt |
| 27:11 | Arcane Tower |
| 27:19 | Arcane Tower |
| 27:19 | Arcane Tower |
| 27:52 | Brilliance Aura |
| 28:43 | Scout Tower |
| 28:43 | Scout Tower |
| 28:43 | Scout Tower |
| 28:44 | Scout Tower |
| 28:44 | Scout Tower |
| 28:45 | Scout Tower |
| 28:45 | Scout Tower |
| 28:46 | Scout Tower |
| 28:46 | Scout Tower |
| 28:47 | Scout Tower |
| 28:47 | Scout Tower |
| 28:47 | Scout Tower |
| 28:48 | Scout Tower |
| 28:48 | Scout Tower |
| 28:49 | Scout Tower |
| 28:49 | Scout Tower |
| 29:33 | Scout Tower |
| 29:34 | Scout Tower |
| 29:35 | Scout Tower |
| 29:36 | Scout Tower |
| 29:49 | Scout Tower |
| 29:49 | Scout Tower |
| 29:50 | Scout Tower |
| 29:50 | Scout Tower |
| 29:50 | Scout Tower |
| 29:51 | Scout Tower |
| 29:54 | Holy Light |
| 30:02 | Guard Tower |
| 30:07 | Guard Tower |
| 30:18 | Scout Tower |
| 30:18 | Scout Tower |
| 30:19 | Scout Tower |
| 30:19 | Scout Tower |
| 30:20 | Scout Tower |
| 30:20 | Scout Tower |
| 30:21 | Scout Tower |
| 30:21 | Scout Tower |
| 30:28 | Guard Tower |
| 30:39 | Guard Tower |
| 31:05 | Guard Tower |
| 32:38 | Guard Tower |
| 32:39 | Guard Tower |
| 32:52 | Scout Tower |
| 32:53 | Scout Tower |
| 32:53 | Scout Tower |
| 32:56 | Town Hall |
| 33:53 | Arcane Tower |
| 33:54 | Guard Tower |
| 33:56 | Guard Tower |
| 34:07 | Scout Tower |
| 34:07 | Scout Tower |
| 34:07 | Scout Tower |
| 34:08 | Scout Tower |
| 34:09 | Scout Tower |
| 34:10 | Scout Tower |
| 34:10 | Scout Tower |
| 34:12 | Scout Tower |
| 34:13 | Scout Tower |
| 34:13 | Scout Tower |
| 34:13 | Scout Tower |
| 34:16 | Scout Tower |
| 34:16 | Scout Tower |
| 34:17 | Scout Tower |
| 34:17 | Scout Tower |
| 34:17 | Scout Tower |
| 34:18 | Scout Tower |
| 34:18 | Scout Tower |
| 34:19 | Scout Tower |
| 34:19 | Scout Tower |
| 34:23 | Guard Tower |
| 35:26 | Guard Tower |
| 35:38 | Sorceress |
| 35:39 | Sorceress Master Training |
| 35:39 | Priest Master Training |
| 35:42 | Guard Tower |
| 35:44 | Scout Tower |
| 35:45 | Scout Tower |
| 35:45 | Scout Tower |
| 35:46 | Scout Tower |
| 35:47 | Scout Tower |
| 35:48 | Scout Tower |
| 35:50 | Scout Tower |
| 35:51 | Scout Tower |
| 35:52 | Scout Tower |
| 35:53 | Scout Tower |
| 35:54 | Scout Tower |
| 35:55 | Scout Tower |
| 36:42 | Guard Tower |
| 37:45 | Avatar |
| 37:48 | Mass Teleport |
| 38:12 | Guard Tower |
| 38:26 | Guard Tower |
| 40:58 | Scout Tower |
| 40:58 | Scout Tower |
| 40:59 | Scout Tower |
| 40:59 | Scout Tower |
| 41:00 | Scout Tower |
| 41:00 | Scout Tower |
| 41:01 | Scout Tower |
| 41:01 | Scout Tower |
| 41:02 | Scout Tower |
| 41:03 | Scout Tower |
| 41:04 | Scout Tower |
| 41:04 | Scout Tower |
| 42:59 | Town Hall |
| 43:17 | Guard Tower |
| 45:25 | Divine Shield |
| 46:35 | Scout Tower |
| 46:39 | Scout Tower |
| 46:40 | Scout Tower |
| 46:40 | Scout Tower |
| 46:41 | Scout Tower |
| 46:41 | Scout Tower |
| 46:42 | Scout Tower |
| 46:43 | Scout Tower |
| 46:44 | Scout Tower |
| 47:28 | Guard Tower |
| 48:38 | Bash |
| 48:40 | Blizzard |
| 49:01 | Guard Tower |
| Right click | 3701 |
| Select group | 1227 |
| Select | 1084 |
| Build/train/purchase | 536 |
| Chat | 327 |
| Use ability | 171 |
| Assign group | 49 |
| Misc. action | 32 |
| Item give/drop | 10 |
136 units @ 20.6k
/ 2.7k
27 buildings @ 4.9k
/ 2.4k



x1)
| Healing Salve | 1 | 100 |
| Potion of Mana | 1 | 200 |
| Potion of Healing | 1 | 150 |
| Tome of Retraining | 1 | 300 |
| total: | 4 | 750g |
| Peon | 32 | 2400 | / | 0 |
| Grunt | 15 | 3000 | / | 0 |
| Troll Headhunter | 13 | 1820 | / | 260 |
| Kodo Beast | 6 | 1530 | / | 360 |
| Troll Witch Doctor | 6 | 870 | / | 150 |
| Troll Berserker | 11 | 1540 | / | 220 |
| Shaman | 18 | 2340 | / | 360 |
| Wind Rider | 5 | 1325 | / | 200 |
| Raider | 4 | 720 | / | 160 |
| Tauren | 1 | 280 | / | 80 |
| Demolisher | 8 | 1760 | / | 400 |
| Spirit Walker | 1 | 195 | / | 35 |
| Troll Batrider | 12 | 1920 | / | 480 |
| Forest Troll Shadow Priest | 3 | 585 | / | 30 |
| Ogre Mauler | 1 | 300 | / | 0 |
| total: | 136 | 20585g | / | 2735w |
| Watch Tower | 7 | 770 | / | 560 |
| Altar of Storms | 1 | 180 | / | 50 |
| Orc Burrow | 7 | 1120 | / | 280 |
| Barracks | 2 | 360 | / | 100 |
| War Mill | 1 | 205 | / | 0 |
| Voodoo Lounge | 1 | 130 | / | 30 |
| Great Hall | 4 | 1540 | / | 740 |
| Beastiary | 1 | 145 | / | 140 |
| Spirit Lodge | 2 | 300 | / | 300 |
| Tauren Totem | 1 | 135 | / | 155 |
| Stronghold | 1 | 315 | / | 190 |
| Fortress | 1 | 325 | / | 190 |
| total: | 27 | 4885g | / | 2355w |
| 0:04 | Altar of Storms |
| 0:07 | Peon |
| 0:21 | Peon |
| 0:38 | Peon |
| 0:41 | Orc Burrow |
| 0:54 | Barracks |
| 0:57 | Peon |
| 1:00 | Peon |
| 1:22 | War Mill |
| 1:39 | Peon |
| 1:43 | Peon |
| 1:51 | Orc Burrow |
| 2:00 | Grunt |
| 2:25 | Orc Burrow |
| 2:31 | Mirror Image |
| 2:46 | Troll Headhunter |
| 2:59 | Peon |
| 3:02 | Steel Melee Weapons |
| 3:16 | Grunt |
| 3:18 | Peon |
| 3:28 | Steel Armor |
| 3:38 | Peon |
| 4:07 | Stronghold |
| 4:11 | Critical Strike |
| 4:20 | Troll Headhunter |
| 4:54 | Troll Headhunter |
| 5:22 | Grunt |
| 5:26 | Watch Tower |
| 5:43 | Troll Headhunter |
| 5:48 | Orc Burrow |
| 5:49 | Steel Ranged Weapons |
| 6:40 | Mirror Image |
| 6:43 | Berserker Strength |
| 6:44 | Thorium Armor |
| 6:50 | Barracks |
| 6:53 | Beastiary |
| 6:56 | Peon |
| 7:07 | Spirit Lodge |
| 7:09 | Peon |
| 7:28 | Forest Troll Shadow Priest |
| 8:11 | Kodo Beast |
| 8:14 | Troll Regeneration |
| 8:15 | Troll Headhunter |
| 8:24 | Voodoo Lounge |
| 8:34 | Peon |
| 8:46 | Troll Headhunter |
| 9:00 | Troll Witch Doctor |
| 9:27 | Forest Troll Shadow Priest |
| 9:30 | Witch Doctor Adept Training |
| 9:46 | Troll Witch Doctor |
| 10:29 | Critical Strike |
| 10:42 | Troll Headhunter |
| 10:42 | Troll Headhunter |
| 10:44 | Troll Headhunter |
| 10:44 | Troll Headhunter |
| 10:47 | Fortress |
| 11:03 | Thorium Ranged Weapons |
| 11:24 | Troll Headhunter |
| 11:25 | Troll Headhunter |
| 12:03 | Troll Headhunter |
| 12:35 | Orc Burrow |
| 12:43 | Great Hall |
| 13:15 | Witch Doctor Master Training |
| 13:23 | Arcanite Ranged Weapons |
| 13:41 | Forest Troll Shadow Priest |
| 13:45 | Ogre Mauler |
| 13:50 | Critical Strike |
| 14:05 | Berserker Upgrade |
| 14:45 | Arcanite Armor |
| 15:12 | Engineering Upgrade |
| 15:34 | Thorium Melee Weapons |
| 16:12 | Peon |
| 16:12 | Peon |
| 16:23 | Shaman Adept Training |
| 16:36 | Spirit Lodge |
| 16:45 | Peon |
| 16:48 | Troll Berserker |
| 16:57 | Shaman |
| 17:00 | Troll Witch Doctor |
| 17:06 | Peon |
| 17:06 | Peon |
| 17:20 | War Drums Damage Increase |
| 17:25 | Shaman |
| 17:35 | Troll Berserker |
| 17:39 | Troll Berserker |
| 17:49 | Troll Berserker |
| 18:04 | Watch Tower |
| 18:06 | Peon |
| 18:10 | Arcanite Melee Weapons |
| 18:21 | Kodo Beast |
| 18:40 | Shaman |
| 18:41 | Troll Witch Doctor |
| 18:53 | Troll Berserker |
| 18:57 | Watch Tower |
| 19:06 | Peon |
| 19:21 | Kodo Beast |
| 19:33 | Shaman |
| 19:36 | Troll Witch Doctor |
| 19:51 | Orc Burrow |
| 19:54 | Peon |
| 19:54 | Peon |
| 20:00 | Shaman Master Training |
| 20:19 | Shaman |
| 20:20 | Troll Witch Doctor |
| 21:54 | Kodo Beast |
| 21:56 | Shaman |
| 21:58 | Shaman |
| 22:06 | Peon |
| 22:11 | Great Hall |
| 23:12 | Shaman |
| 23:17 | Envenomed Spears |
| 23:31 | Peon |
| 23:46 | Shaman |
| 23:52 | Wind Rider |
| 24:03 | Watch Tower |
| 24:56 | Shaman |
| 24:57 | Wind Rider |
| 25:19 | Peon |
| 25:19 | Peon |
| 25:25 | Grunt |
| 25:27 | Troll Berserker |
| 26:27 | Grunt |
| 26:38 | Watch Tower |
| 26:55 | Shaman |
| 27:17 | Watch Tower |
| 27:23 | Wind Rider |
| 27:40 | Shaman |
| 27:43 | Wind Rider |
| 27:49 | Shaman |
| 28:05 | Grunt |
| 28:07 | Troll Berserker |
| 28:20 | Shaman |
| 28:24 | Troll Berserker |
| 28:33 | Kodo Beast |
| 28:41 | Watch Tower |
| 29:00 | Grunt |
| 29:04 | Wind Rider |
| 30:14 | Healing Salve |
| 30:37 | Potion of Mana |
| 30:53 | Peon |
| 31:02 | Spiked Barricades |
| 32:40 | Raider |
| 32:46 | Grunt |
| 32:48 | Grunt |
| 32:52 | Tauren Totem |
| 32:59 | Grunt |
| 33:13 | Grunt |
| 33:19 | Raider |
| 33:21 | Ensnare |
| 33:30 | Improved Spiked Barricades |
| 33:41 | Troll Berserker |
| 34:19 | Great Hall |
| 34:30 | Troll Berserker |
| 34:51 | Pulverize |
| 35:13 | Great Hall |
| 35:27 | Peon |
| 35:29 | Peon |
| 35:40 | Reinforced Defenses |
| 36:02 | Tauren |
| 36:12 | Peon |
| 36:38 | Tome of Retraining |
| 36:38 | Retrain Hero |
| 36:41 | Wind Walk |
| 36:42 | Mirror Image |
| 36:42 | Critical Strike |
| 36:45 | Wind Walk |
| 36:46 | Wind Walk |
| 37:09 | Endurance Aura |
| 37:15 | Burning Oil |
| 37:15 | Demolisher |
| 37:44 | Demolisher |
| 38:15 | Demolisher |
| 38:25 | Spirit Walker |
| 38:34 | Liquid Fire |
| 38:35 | Troll Batrider |
| 38:44 | Peon |
| 39:10 | Demolisher |
| 39:20 | Troll Batrider |
| 39:29 | Peon |
| 39:38 | Troll Batrider |
| 39:53 | Demolisher |
| 40:08 | Orc Burrow |
| 40:22 | Demolisher |
| 40:34 | Troll Batrider |
| 40:46 | Pillage |
| 40:50 | Backpack |
| 40:58 | Demolisher |
| 41:14 | Troll Batrider |
| 41:25 | Demolisher |
| 42:08 | Troll Batrider |
| 42:08 | Troll Batrider |
| 42:58 | Troll Batrider |
| 43:16 | Troll Batrider |
| 43:26 | Grunt |
| 43:46 | Troll Batrider |
| 44:24 | Troll Batrider |
| 44:43 | Shaman |
| 45:09 | Troll Batrider |
| 45:31 | Grunt |
| 45:41 | Shaman |
| 46:10 | Grunt |
| 46:19 | Shaman |
| 46:39 | Kodo Beast |
| 47:04 | Grunt |
| 47:16 | Shaman |
| 47:29 | Troll Berserker |
| 47:34 | Raider |
| 48:55 | Raider |
| 49:23 | Potion of Healing |
| Select | 1116 |
| Right click | 948 |
| Build/train/purchase | 232 |
| Misc. action | 191 |
| Use ability | 24 |
| Remove unit | 10 |
| Esc | 2 |
| Assign group | 1 |
| Item give/drop | 1 |
⇛